 Dungeon Crawl Stone Soup version 0.17.2-1-ge4368a0 (webtiles) character file.

99 Goblin1989 the Cudgeler (level 5, 23/39 HPs)
             Began as a Human Enchanter on Jan 10, 2017.
             Quit the game on level 4 of the Dungeon.
             The game lasted 00:13:01 (3276 turns).

Goblin1989 the Cudgeler (Human Enchanter)           Turns: 3276, Time: 00:13:01

Health: 23/39      AC:  8    Str:  9    XL:     5   Next: 2%
Magic:  8/8        EV:  4    Int: 16    God:
Gold:   105        SH:  0    Dex: 13    Spells: 1 memorised, 7 levels left

rFire  . . .     SeeInvis .     a - +1 dagger
rCold  . . .     Clarity  .     k - +0 chain mail
rNeg   . . .     SustAt   .     (no shield)
rPois  .         Gourm    .     (no helmet)
rElec  .         Spirit   .     (no cloak)
rCorr  .         Warding  .     (no gloves)
rMut   .         Stasis   .     (no boots)
MR     .....                    (no amulet)
Stlth  ..........               (no ring)
                                (no ring)

@: quite poisoned (23 -> 11), not resistant to hostile enchantments, extremely
unstealthy
A: no striking features
a: no special abilities


You were on level 4 of the Dungeon.
You were not hungry.

You visited 1 branch of the dungeon, and saw 4 of its levels.

You collected 105 gold pieces.

Inventory:

Hand Weapons
 a - a +1 dagger (weapon)
 i - a +0 dagger of draining
 j - a +0 whip of electrocution
Missiles
 x - 5 curare-tipped needles
 Z - a throwing net {=f, !d}
Armour
 k - a +0 chain mail (worn)
Jewellery
 s - a ring of protection from magic {unknown}
Scrolls
 f - 2 scrolls of random uselessness {unknown}
 g - 3 scrolls of identify {unknown}
 h - a scroll of teleportation {unknown}
 m - a scroll of enchant weapon {unknown}
 n - 2 scrolls of remove curse {unknown}
 q - a scroll of enchant armour {unknown}
 r - a scroll of amnesia {unknown}
 t - a scroll of fog {unknown}
 w - a scroll of blinking {unknown}
Potions
 b - a potion of lignification {unknown}
 e - a potion of heal wounds {unknown}
 l - 2 potions of cancellation {unknown}
 o - a potion of poison {unknown}
 u - 2 potions of curing {unknown}
 v - a potion of ambrosia {unknown}
Books
 c - a book of Maledictions

   Spells                             Type                      Level
   a - Corona                         Hexes                        1
   b - Ensorcelled Hibernation        Hexes/Ice                    2
   c - Confuse                        Hexes                        3
   d - Tukima's Dance                 Hexes                        3
   e - Dazzling Spray                 Conjuration/Hexes            3
Comestibles
 d - 3 bread rations {@e1}
 p - a meat ration {@e2}


   Skills:
 - Level 2.3 Fighting
 - Level 1.0 Short Blades
 + Level 3.2 Maces & Flails
 - Level 2.0 Dodging
 - Level 3.0 Stealth
 - Level 2.0 Spellcasting
 - Level 3.0 Hexes


You had 7 spell levels left.
You knew the following spells:

 Your Spells              Type           Power        Failure   Level  Hunger
a - Corona                Hex            ##.....      100%        1    #......


Dungeon Overview and Level Annotations

Branches:
Dungeon (4/15)
 Temple: D:4-7

Altars:


Message History

You are too injured to fight recklessly!
You are too injured to fight recklessly!
You are too injured to fight recklessly!
You are too injured to fight recklessly!
You are too injured to fight recklessly!
You are too injured to fight recklessly!
You are too injured to fight recklessly!
You are too injured to fight recklessly!
You are too injured to fight recklessly!
You are too injured to fight recklessly!
You are too injured to fight recklessly!
You are too injured to fight recklessly!
You are too injured to fight recklessly!
You are too injured to fight recklessly!
You are too injured to fight recklessly!
You are too injured to fight recklessly!
You are too injured to fight recklessly!
You are too injured to fight recklessly!
Unknown command.
Are you sure you want to abandon this character and quit the game? (Confirm with "yes".)

██ █... ... █.. █..█
.....█ .█...██..█
.....█ █ .......<.█
.... ..
.........████.████...
....███............█
............█.....█ .
...........ah..██
..<.█████...@h...█
██.. █....h...... █.
█........... █
██.........█
█........██
█........█ .<..?....█
.........██


You could see a worker ant and 3 jackals.

Vanquished Creatures
  2 adders
  3 worms
  A giant gecko (D:1)
  A ball python (D:3)
  13 bats
  5 giant cockroaches
  9 goblins
  5 hobgoblins
  9 jackals
  2 quokkas (D:3)
  7 giant newts
  5 kobolds
  8 rats
70 creatures vanquished.

Notes
Turn   | Place    | Note
--------------------------------------------------------------
     0 | D:1      | Goblin1989 the Human Enchanter began the quest for the Orb.
     0 | D:1      | Reached XP level 1. HP: 13/13 MP: 3/3
    82 | D:1      | Reached skill level 1 in Fighting
   205 | D:1      | Reached XP level 2. HP: 18/21 MP: 5/5
   750 | D:1      | Reached XP level 3. HP: 2/28 MP: 6/6
  1302 | D:1      | Reached skill level 1 in Maces & Flails
  1882 | D:2      | Reached XP level 4. HP: 32/34 MP: 7/7
  3040 | D:3      | Reached XP level 5. HP: 29/39 MP: 8/8
  3276 | D:4      | Quit the game

Action                   |  1- 3 |  4- 6 || total
-------------------------+-------+-------++-------
Melee: Dagger            |    74 |    10 ||    84
       Whip              |    99 |   107 ||   206
 Cast: Corona            |     2 |       ||     2
 Stab: Sleeping          |     4 |       ||     4
       Distracted        |     1 |       ||     1
  Eat: Chunk             |     2 |     1 ||     3
       Bread ration      |       |     1 ||     1
       Beef jerky        |       |     1 ||     1

Vault maps used:
D:1:      evilmike_arrival_crescent
D:2:      first_bread
D:4:      old_standard_altar
